AoeStats
← juu

Arena

509647902Analyzed
2v2 RM · 5d ago on Sep 27, 2026· 46m 31s· 4 players
Game mode
Random Map
Map size
Medium (4 player)
Population
200
Speed
Normal
Resources
Standard
Victory
Conquest
Starting age
Dark Age
Ending age
Imperial Age
RankedLock teamsTeams togetherTeam positionsShared explorationLock speedFull tech treeHidden civsTurbo modeCheats
Victory
Defeat
🇭🇰 Turks · Hong Kong SAR China
1515
+13
🇨🇳 Burgundians · China
1465
+15
🇫🇮 Teutons · Finland
1475
-15
🇫🇮 Cumans · Finland
1413
-13
QvQ5681
8:02 Loom
8:15 Loom
10:30 Feudal Age
14:12 Castle Age
12:46 Stone Mining
25:02 Double-Bit Axe
25:00 Horse Collar
26:47 Bow Saw
27:35 Wheelbarrow
28:50 Wheelbarrow
36:55 Imperial Age
35:21 Hand Cart
35:13 Town Watch
35:57 Sipahi
36:02 Heavy Plow
35:56 Gold Mining
36:25 Fletching
37:12 Bodkin Arrow
37:19 Padded Archer Armor
37:46 Ballistics
38:16 Parthian Tactics
38:18 Bracer
38:19 Padded Archer Armor
39:53 Two-Man Saw
38:17 Heavy Cavalry Archer
39:58 Leather Archer Armor
40:47 Parthian Tactics
41:03 Thumb Ring
41:44 Ring Archer Armor
41:26 Forging
41:21 Scale Barding Armor
42:23 Husbandry
42:34 Bloodlines
42:02 Heavy Camel Rider
44:31 Chain Barding Armor
44:47 Iron Casting
46:09 Gold Shaft Mining
45:57 Conscription
45:37 Artillery
45:59 Conscription
橙
6:34 Double-Bit Axe
6:41 Horse Collar
10:50 Feudal Age
15:08 Castle Age
13:36 Heavy Plow
13:38 Loom
17:42 Wheelbarrow
17:05 Gold Mining
27:38 Bow Saw
28:59 Hand Cart
29:58 Scale Barding Armor
31:18 Gold Shaft Mining
33:33 Imperial Age
31:33 Town Watch
32:23 Chain Barding Armor
32:14 Forging
32:52 Forging
32:52 Pikeman
33:33 Squires
33:18 Arson
33:04 Cavalier
33:45 Husbandry
34:47 Iron Casting
34:13 Scale Mail Armor
34:21 Elite Coustillier
34:38 Paladin
34:49 Halberdier
36:05 Husbandry
37:17 Plate Barding Armor
37:59 Chain Mail Armor
38:45 Blast Furnace
39:04 Chain Mail Armor
39:03 Stone Mining
41:36 Conscription
42:28 Guilds
43:21 Plate Mail Armor
44:05 Chemistry
juu
9:06 Feudal Age
11:57 Double-Bit Axe
15:47 Horse Collar
16:21 Gold Mining
20:30 Castle Age
19:36 Scale Barding Armor
19:43 Forging
20:03 Bloodlines
21:55 Chain Barding Armor
22:40 Light Cavalry
24:43 Devotion
24:41 Loom
31:58 Heavy Plow
32:38 Iron Casting
33:02 Wheelbarrow
33:47 Gold Shaft Mining
35:00 Fletching
39:08 Imperial Age
38:19 Hand Cart
39:12 Cavalier
Genitaali
8:21 Feudal Age
6:53 Loom
10:07 Fletching
10:04 Double-Bit Axe
21:36 Castle Age
23:43 Bodkin Arrow
23:59 Bow Saw
24:49 Horse Collar
26:08 Gold Mining
26:34 Heavy Plow
27:28 Wheelbarrow
31:41 Imperial Age
31:21 Hand Cart
31:29 Town Watch
33:22 Chemistry
32:47 Conscription
32:53 Conscription
33:45 Two-Man Saw
32:47 Pikeman
35:24 Scale Mail Armor
36:22 Chain Mail Armor
36:43 Halberdier
38:10 Gambesons
38:26 Squires
38:59 Plate Mail Armor
38:39 Forging
41:26 Crop Rotation
41:53 Padded Archer Armor
43:18 Elite Skirmisher
44:19 Town Patrol
44:57 Leather Archer Armor
Connection lost

Rejoining the realm…

Still unreachable

The connection could not be restored.

Session expired

The server has moved on; the page needs a fresh start.